PL
TOLEDO TITANS @ GRAFTON MIDDIES
07/13/2020
 
TOP OF THE 1ST
Toledo Titans batting - Pitching for Grafton Middies : RHP Vern Camp
Pitching: RHP Vern Camp
Batting: LHB Héctor Cortéz 0-0: Called Strike
0-1: Foul Ball, location: 2F
0-2: Foul Ball, location: 2F
0-2: Foul Ball, location: 2F
0-2: SINGLE (Line Drive, 8LS)
Batting: LHB David Martínez 0-0: Called Strike
0-1: Swinging Strike
0-2: Ball
1-2: Strikes out swinging
Batting: LHB Michael Neely 0-0: Ball
1-0: Foul Ball, location: 2F
1-1: Called Strike
1-2: Strikes out swinging
Batting: LHB Iván Gonzáles 0-0: Called Strike
Héctor Cortéz is caught stealing 2nd base
Top of the 1st over - 0 run(s), 1 hit(s), 0 error(s), 0 left on base; Toledo 0 - Grafton 0
BOTTOM OF THE 1ST
Grafton Middies batting - Pitching for Toledo Titans : RHP Pedro Ritodíaz
Pitching: RHP Pedro Ritodíaz
Batting: RHB Raúl Robles 0-0: Ball
1-0: Fly out, F6 (Line Drive, 6)
Batting: RHB Wes Bradley 0-0: Ball
1-0: Ball
2-0: Foul Ball, location: 2F
2-1: Called Strike
2-2: Foul Ball, location: 2F
2-2: Fly out, F7 (Popup, 56D)
Batting: LHB Min-heui Im 0-0: Ball
1-0: Ball
2-0: Ball
3-0: Called Strike
3-1: Base on Balls
Batting: RHB Iván Vargas 0-0: Called Strike
0-1: Ball
1-1: Ground out 6-3 (Groundball, 6)
Bottom of the 1st over - 0 run(s), 0 hit(s), 0 error(s), 1 left on base; Toledo 0 - Grafton 0
TOP OF THE 2ND
Toledo Titans batting - Pitching for Grafton Middies : RHP Vern Camp
Batting: LHB Iván Gonzáles 0-0: Called Strike
0-1: Ball
1-1: Called Strike
1-2: Ball
2-2: Ball
3-2: Base on Balls
Batting: RHB Juan Orozco 0-0: Reached on Error, E9 (Flyball, 9S)
Iván Gonzáles to second
Batting: RHB Brad Brown 0-0: Called Strike
0-1: Ball
1-1: Foul Ball, location: 2F
1-2: Ball
2-2: Ball
3-2: Strikes out swinging
Batting: LHB Takahiro Harada 0-0: Swinging Strike
0-1: Ball
Passed Ball!
Iván Gonzáles to third
Juan Orozco to second
1-1: Foul Ball, location: 2F
1-2: Strikes out swinging
Batting: LHB Rick Harrison 0-0: Ball
1-0: Foul Ball, location: 2F
1-1: Ball
2-1: Ball
3-1: Swinging Strike
3-2: Base on Balls
Batting: RHB Pedro Ritodíaz 0-0: Called Strike
0-1: Ball
1-1: Ball
2-1: Swinging Strike
2-2: Strikes out swinging
Top of the 2nd over - 0 run(s), 0 hit(s), 1 error(s), 3 left on base; Toledo 0 - Grafton 0
BOTTOM OF THE 2ND
Grafton Middies batting - Pitching for Toledo Titans : RHP Pedro Ritodíaz
Batting: RHB Brady Ferris 0-0: Called Strike
0-1: Ground out 4-3 (Groundball, 4)
Batting: RHB José Álvarez 0-0: SINGLE (Groundball, 56)
Batting: RHB Justin Bingham 0-0: Reached on error, E6 (Groundball, 56)
José Álvarez to second
Batting: RHB Nam-sup Yi 0-0: Swinging Strike
0-1: Called Strike
0-2: Strikes out swinging
Batting: SHB Vern Camp 0-0: Called Strike
0-1: Fielders Choice at 2nd, U6 (Groundball, 6M)
Bottom of the 2nd over - 0 run(s), 1 hit(s), 1 error(s), 2 left on base; Toledo 0 - Grafton 0
TOP OF THE 3RD
Toledo Titans batting - Pitching for Grafton Middies : RHP Vern Camp
Batting: LHB Héctor Cortéz 0-0: Called Strike
0-1: Called Strike
0-2: Fly out, F8 (Flyball, 8LXD)
Batting: LHB David Martínez 0-0: Swinging Strike
0-1: Ground out 4-3 (Groundball, 4)
Batting: LHB Michael Neely 0-0: Ball
1-0: Foul Ball, location: 2F
1-1: Foul Ball, location: 2F
1-2: Ball
2-2: Foul Ball, location: 2F
2-2: Foul Ball, location: 2F
2-2: Ball
3-2: SINGLE (Line Drive, 4M)
Batting: LHB Iván Gonzáles 0-0: Fly out, F7 (Flyball, 78M)
Top of the 3rd over - 0 run(s), 1 hit(s), 0 error(s), 1 left on base; Toledo 0 - Grafton 0
BOTTOM OF THE 3RD
Grafton Middies batting - Pitching for Toledo Titans : RHP Pedro Ritodíaz
Batting: RHB Raúl Robles 0-0: Fly out, F9 (Flyball, 9M)
Batting: RHB Wes Bradley 0-0: Ball
1-0: Called Strike
1-1: Ground out 5-3 (Groundball, 5L)
Batting: LHB Min-heui Im 0-0: SINGLE (Flyball, 9LM)
Batting: RHB Iván Vargas 0-0: Ball
1-0: Foul Ball, location: 2F
1-1: Ball
2-1: Swinging Strike
2-2: Ball
3-2: Foul Ball, location: 2F
3-2: SINGLE (Line Drive, 8LS)
Min-heui Im to second
Min-heui Im to third
Batting: RHB Brady Ferris 0-0: Ball
1-0: Fielders Choice at 2nd, 6-4 (Groundball, 6)
Bottom of the 3rd over - 0 run(s), 2 hit(s), 0 error(s), 1 left on base; Toledo 0 - Grafton 0
TOP OF THE 4TH
Toledo Titans batting - Pitching for Grafton Middies : RHP Vern Camp
Batting: RHB Juan Orozco 0-0: Ball
1-0: Called Strike
1-1: Ground out 4-3 (Groundball, 4)
Batting: RHB Brad Brown 0-0: Ball
1-0: Called Strike
1-1: Swinging Strike
1-2: Strikes out looking
Batting: LHB Takahiro Harada 0-0: Called Strike
0-1: Ball
1-1: Swinging Strike
1-2: Ball
2-2: Strikes out swinging
Top of the 4th over - 0 run(s), 0 hit(s), 0 error(s), 0 left on base; Toledo 0 - Grafton 0
BOTTOM OF THE 4TH
Grafton Middies batting - Pitching for Toledo Titans : RHP Pedro Ritodíaz
Batting: RHB José Álvarez 0-0: Swinging Strike
0-1: Ground out 4-3 (Groundball, 4)
Batting: RHB Justin Bingham 0-0: Ball
1-0: Swinging Strike
1-1: Foul Ball, location: 2F
1-2: Ball
2-2: Ball
3-2: Base on Balls
Batting: RHB Nam-sup Yi 0-0: Called Strike
0-1: Called Strike
0-2: Ball
1-2: Foul Ball, location: 2F
1-2: Ball
2-2: Foul Ball, location: 2F
2-2: Strikes out swinging
Batting: SHB Vern Camp 0-0: Ball
1-0: Swinging Strike
1-1: Called Strike
1-2: DOUBLE (Flyball, 9M)
Justin Bingham to third
Batting: RHB Raúl Robles 0-0: Ball
1-0: Ball
2-0: Ball
3-0: Base on Balls
Batting: RHB Wes Bradley 0-0: Foul Ball, location: 2F
0-1: Ground out 6-3 (Groundball, 6)
Bottom of the 4th over - 0 run(s), 1 hit(s), 0 error(s), 3 left on base; Toledo 0 - Grafton 0
TOP OF THE 5TH
Toledo Titans batting - Pitching for Grafton Middies : RHP Vern Camp
Batting: LHB Rick Harrison 0-0: Ball
1-0: Ball
2-0: Called Strike
2-1: Foul Ball, location: 2F
2-2: Foul Ball, location: 2F
2-2: Fly out, F4 (Popup, 9LSF)
Batting: RHB Pedro Ritodíaz 0-0: Ground out 4-3 (Groundball, 4)
Batting: LHB Héctor Cortéz 0-0: Called Strike
0-1: Ball
1-1: Called Strike
1-2: Hit by Pitch
Pitching: RHP Paco Vélez
Batting: LHB David Martínez 0-0: Fielders Choice at 2nd, U6 (Groundball, 6M)
Top of the 5th over - 0 run(s), 0 hit(s), 0 error(s), 1 left on base; Toledo 0 - Grafton 0
BOTTOM OF THE 5TH
Grafton Middies batting - Pitching for Toledo Titans : RHP Pedro Ritodíaz
Batting: LHB Min-heui Im 0-0: Called Strike
0-1: DOUBLE (Popup, 7S)
Batting: RHB Iván Vargas 0-0: Intentional Walk
Batting: RHB Brady Ferris 0-0: Called Strike
0-1: Grounds into double play, 4-6-3 (Groundball, 4M)
Min-heui Im to third
Batting: RHB José Álvarez 0-0: Ball
1-0: Foul Ball, location: 2F
1-1: Ball
Passed Ball!
Min-heui Im scores
2-1: Ground out 4-3 (Groundball, 13)
Bottom of the 5th over - 1 run(s), 1 hit(s), 0 error(s), 0 left on base; Toledo 0 - Grafton 1
TOP OF THE 6TH
Toledo Titans batting - Pitching for Grafton Middies : RHP Paco Vélez
Batting: LHB Michael Neely 0-0: Ball
1-0: Foul Ball, location: 2F
1-1: Foul Ball, location: 2F
1-2: Strikes out looking
Batting: LHB Iván Gonzáles 0-0: Foul Ball, location: 2F
0-1: Ball
1-1: Fly out, F9 (Line Drive, 89D)
Batting: RHB Juan Orozco 0-0: Ball
1-0: Foul Ball, location: 2F
1-1: Ball
2-1: Foul Ball, location: 2F
2-2: Foul Ball, location: 2F
2-2: Strikes out looking
Top of the 6th over - 0 run(s), 0 hit(s), 0 error(s), 0 left on base; Toledo 0 - Grafton 1
BOTTOM OF THE 6TH
Grafton Middies batting - Pitching for Toledo Titans : RHP Pedro Ritodíaz
Batting: RHB Justin Bingham 0-0: Ball
1-0: Ground out 4-3 (Groundball, 4)
Batting: RHB Nam-sup Yi 0-0: Ball
1-0: Ball
2-0: Ball
3-0: Called Strike
3-1: Foul Ball, location: 2F
3-2: Fly out, F9 (Flyball, 89M)
Pinch Hitting: LHB Guillermo Romero 0-0: Called Strike
0-1: Ball
1-1: Ground out 4-3 (Groundball, 4)
Bottom of the 6th over - 0 run(s), 0 hit(s), 0 error(s), 0 left on base; Toledo 0 - Grafton 1
TOP OF THE 7TH
Toledo Titans batting - Pitching for Grafton Middies : RHP Paco Vélez
Pitching: RHP Bill Ball
Batting: RHB Brad Brown 0-0: Called Strike
0-1: Called Strike
0-2: Strikes out swinging
Batting: LHB Takahiro Harada 0-0: Ball
1-0: Called Strike
1-1: Called Strike
1-2: Strikes out swinging
Batting: LHB Rick Harrison 0-0: Ground out 4-3 (Groundball, 4)
Top of the 7th over - 0 run(s), 0 hit(s), 0 error(s), 0 left on base; Toledo 0 - Grafton 1
BOTTOM OF THE 7TH
Grafton Middies batting - Pitching for Toledo Titans : RHP Pedro Ritodíaz
Batting: RHB Raúl Robles 0-0: Ball
1-0: Ground out 5-3 (Groundball, 56)
Batting: RHB Wes Bradley 0-0: Ball
1-0: SINGLE (Groundball, 23) (infield hit)
Pitching: RHP Ryoichi Maruyama
Now at 2B: Juan Ramos
Batting: LHB Min-heui Im 0-0: Called Strike
0-1: Hit by Pitch
Wes Bradley to second
Batting: RHB Iván Vargas 0-0: Ball
1-0: Called Strike
1-1: Ball
2-1: Called Strike
2-2: Ball
3-2: Strikes out swinging
Pinch Hitting: RHB José Peña 0-0: Ball
1-0: SINGLE (Line Drive, 89S)
Wes Bradley to third
Min-heui Im to second
Runner from 3rd tries for Home, throw and OUT!
Bottom of the 7th over - 0 run(s), 2 hit(s), 0 error(s), 2 left on base; Toledo 0 - Grafton 1
TOP OF THE 8TH
Toledo Titans batting - Pitching for Grafton Middies : RHP Bill Ball
Now in LF: José Peña
Batting: RHB Juan Ramos 0-0: Called Strike
0-1: Ball
1-1: Ball
2-1: Ground out 5-3 (Groundball, 5S)
Batting: LHB Héctor Cortéz 0-0: Ball
1-0: Ground out 1-3 (Groundball, 13)
Batting: LHB David Martínez 0-0: Ball
1-0: Fly out, F8 (Flyball, 8LM)
Top of the 8th over - 0 run(s), 0 hit(s), 0 error(s), 0 left on base; Toledo 0 - Grafton 1
BOTTOM OF THE 8TH
Grafton Middies batting - Pitching for Toledo Titans : RHP Ryoichi Maruyama
Batting: RHB José Álvarez 0-0: Ground out 5-3 (Groundball, 56S)
Batting: RHB Justin Bingham 0-0: Ground out 1-3 (Groundball, 15)
Batting: RHB Nam-sup Yi 0-0: Ball
1-0: Ground out 1-3 (Groundball, 15S)
Bottom of the 8th over - 0 run(s), 0 hit(s), 0 error(s), 0 left on base; Toledo 0 - Grafton 1
TOP OF THE 9TH
Toledo Titans batting - Pitching for Grafton Middies : RHP Bill Ball
Pitching: RHP Frank Morse
Now in CF: Pedro Orozco
Batting: LHB Michael Neely 0-0: Ball
1-0: Ball
2-0: Ball
3-0: Base on Balls
Pinch Hitting: RHB Enrique Pérez 0-0: Ball
1-0: SINGLE (Line Drive, 78S)
Michael Neely to second
Pinch Runner at 2nd Steve Ferguson:
Batting: RHB Juan Orozco 0-0: Ball
1-0: Called Strike
1-1: Swinging Strike
1-2: Strikes out swinging
Pinch Hitting: RHB Sherman Davis 0-0: Ball
1-0: Grounds into double play, U4-3 (Groundball, 4M)
Top of the 9th over - 0 run(s), 1 hit(s), 0 error(s), 1 left on base; Toledo 0 - Grafton 1
This league is powered by Out of the Park Baseball, the baseball management simulation game for PC, Mac and Linux
Friday, October 23rd, 2015 - OOTP Baseball 16.9 Build 39